 Dungeon Crawl Stone Soup version 0.29-a0-1043-g569b05d6ff (webtiles) character file.

Game seed: 1376731602518084519

227 Zonian the Chiller (level 6, -4/28 HPs)
             Began as a Vine Stalker Ice Elementalist on Aug 16, 2022.
             Slain by Blork the orc
             ... wielding a +2 antimagic halberd
              (5 damage)
             ... on level 4 of the Dungeon.
             The game lasted 00:11:49 (3457 turns).

Zonian the Chiller (Vine Stalker Ice Elementalist)  Turns: 3457, Time: 00:11:50

Health: -4/28      AC:  4    Str: 10    XL:     6   Next: 2%
Magic:  0/12       EV: 13    Int: 17    God:
Gold:   149        SH:  0    Dex: 15    Spells: 11/12 levels left

rFire   . . .      SeeInvis .   f - +2 whip (venom)
rCold   . . .      Faith    .   (no shield)
rNeg    . . .      Spirit   +   a - +0 robe
rPois   .          Reflect  .   (no helmet)
rElec   .          Harm     .   (no cloak)
rCorr   .          Rampage  .   e - +0 pair of gloves
Will    .....                   p - +0 pair of boots
Stlth   +++.......              k - amulet of magic regeneration
HPRegen 0.89/turn               (no ring)
MPRegen 0.53/turn               (no ring)

@: weak-willed
A: fangs 2, regeneration 1, magic shield, antimagic bite, no potion heal 2
a: no special abilities


You were on level 4 of the Dungeon.
You visited 1 branch of the dungeon, and saw 4 of its levels.

You collected 149 gold pieces.

Inventory:

Hand Weapons
 f - a +2 whip of venom (weapon)
Missiles
 s - 3 atropa-tipped darts
Armour
 a - a +0 robe (worn)
 e - a +0 pair of gloves (worn)
 p - a +0 pair of boots (worn)
 u - a +0 cloak
Jewellery
 k - an amulet of magic regeneration (around neck)
Scrolls
 g - 2 scrolls of vulnerability
Potions
 b - a potion of flight
 d - 2 potions of curing
 i - a potion of ambrosia
 j - a potion of resistance
 m - a potion of cancellation
 n - a potion of might
 t - a potion of attraction {unknown}
 w - a potion of haste {unknown}


   Skills:
 + Level 2.8 Dodging
 + Level 4.4 Stealth
 + Level 3.5 Spellcasting
 + Level 4.9 Ice Magic


You had 11 spell levels left.
You knew the following spells:

 Your Spells              Type           Power      Damage    Failure   Level
a - Freeze                Ice            76%        1d9       2%          1

Your spell library contained the following spells:

 Spells                   Type           Power      Damage    Failure   Level
 Frozen Ramparts          Ice            38%        1d6       6%          3
 Ozocubu's Armour         Ice            19%        N/A       6%          3
 Magic Dart               Conj           12%        1d3       17%         1
 Call Imp                 Summ           3%         N/A       26%         2
 Gell's Gravitas          Tloc           3%         N/A       45%         3
 Lesser Beckoning         Tloc           3%         N/A       45%         3
 Mephitic Cloud           Conj/Pois/Air  3%         N/A       45%         3
 Teleport Other           Tloc           3%         N/A       45%         3
 Hailstorm                Conj/Ice       11%        3d5       52%         4


Dungeon Overview and Level Annotations

Branches:
Dungeon (4/15)
 Temple: D:4-7

Altars:
Elyvilon
Nemelex Xobeh
Xom

Annotations:
D:2 Sigmund
D:4 Blork the orc


Innate Abilities, Weirdness & Mutations

You have extremely sharp teeth.
Your natural rate of healing is unusually fast.
When hurt, damage is shared between your health and your magic reserves.
Your bite disrupts and absorbs the magic of your enemies.
Potions cannot restore your health.


Message History

Okay, then.
Blork the orc hits you from afar with a +2 antimagic halberd.
You feel your power leaking away.
Blork the orc hits you from afar with a +2 antimagic halberd.
You feel your power leaking away.
Unknown command.
As you read the scroll labelled URIYNU BIOTAM, it crumbles to dust.
You feel aware of your surroundings.
It was a scroll of magic mapping.
Blork the orc gestures at you while chanting.
The magic dart hits you!
As you read the scroll labelled DEITEBREWEDGH, it crumbles to dust.
It is a scroll of enchant weapon.
Your +1 whip of venom glows red for a moment.
Blork the orc hits you from afar with a +2 antimagic halberd!
* * * LOW HITPOINT WARNING * * *
You feel your power leaking away. Blork the orc barely misses you.
Unknown command.
Magic courses through your body. Blork the orc closely misses you.
Blork the orc hits you with a +2 antimagic halberd!
* * * LOW HITPOINT WARNING * * *
You feel your power leaking away.
Blork the orc looks braver for a moment.
You hit Blork the orc.
Blork the orc is poisoned.
You bite Blork the orc, but do no damage.
Blork the orc is lightly wounded.
Blork the orc misses you.
Blork the orc looks satisfied for a moment.
Unknown command.
You closely miss Blork the orc.
Blork the orc is lightly wounded.
Blork the orc hits you with a +2 antimagic halberd.
You barely miss Blork the orc. You bite Blork the orc.
Blork the orc's magic leaks into the air.
You drain his magic.
You feel invigorated.
Blork the orc is lightly wounded.
Blork the orc hits you with a +2 antimagic halberd!
* * * LOW HITPOINT WARNING * * *
Blork the orc hits you with a +2 antimagic halberd.
You die...

#### #..### #.§..## *###
#§§§..###..## #§§##.......#*
#§§§§##......** *****
##@§..#..../,,* **,,,*****
##o.§...#*,,,* **,,,,,,*,**
##.....#*.,,* **,,,,.##..,*
##....##.#** *,,,.......#*
##.......### ***,.........#
#....#.....##** *,,..........#
#....###....#.*** ,,.........#.##
#.............,*,
,*.........#..###.............,,,


You could see Blork the orc (fast, very poisoned, weak-willed, magic disrupted).

Vanquished Creatures
  A hound (D:4)
  2 orc priests (D:3)
  2 orc wizards (D:3)
  2 adders (D:2)
  An ufetubus (D:4)
  A dart slug (D:1)
  4 orcs (D:3)
  8 ball pythons
  9 bats
  4 endoplasms
  4 giant cockroaches
  7 goblins (D:1)
  3 hobgoblins
  6 kobolds
  A quokka (D:3)
  3 rats
58 creatures vanquished.

Notes
Turn   | Place    | Note
-------+----------+-------------------------------------------
     0 | D:1      | Zonian the Vine Stalker Ice Elementalist began the quest
                  | for the Orb.
     0 | D:1      | Reached XP level 1. HP: 9/9 MP: 4/4
   341 | D:1      | Reached XP level 2. HP: 11/13 MP: 3/6
   823 | D:1      | Reached XP level 3. HP: 16/16 MP: 7/7
  1023 | D:1      | Found a faded altar of an unknown god.
  1420 | D:2      | Noticed Sigmund
  1586 | D:2      | Found a shimmering altar of Xom.
  1803 | D:2      | Gained mutation: Your natural rate of healing is unusually
                  | fast. [Vine Stalker growth]
  1803 | D:2      | Reached XP level 4. HP: 21/21 MP: 7/9
  2211 | D:3      | Found a white marble altar of Elyvilon.
  2341 | D:3      | Reached XP level 5. HP: 9/24 MP: 10/10
  2655 | D:3      | Found a faded altar of an unknown god.
  2677 | D:3      | Found a sparkling altar of Nemelex Xobeh.
  3434 | D:4      | Reached XP level 6. HP: 26/28 MP: 10/12
  3434 | D:4      | Noticed Blork the orc
  3457 | D:4      | HP: 1/28 [Blork the orc/+2 antimagic halberd (5)]
  3457 | D:4      | Slain by Blork the orc

Illustrated notes

Levels and vault maps discovered:
D:1:      erik_arrival_blinker_ship, layout_loops_corners,
          hellmonk_ecumenical_altar_inner_sanctum
D:2:      layout_loops_cross, basic_altar, uniq_sigmund
D:3:      cheibrodos_pilgrimage, layout_basic, mainiacjoe_overflow_alcove_1,
          nicolae_overflow_ecumenical_swirl,
          nicolae_concentric_dashed_squares_wild, due_unseen_surprise
D:4:      layout_cave_pools, uniq_blork_the_orc

Skill      XL: |  1  2  3  4  5 |
---------------+----------------+-----
Stealth        | 3 4 |  4.4
Dodging        | 2 |  2.8
Spellcasting   | 3 |  3.5
Ice Magic      | |  4.9

Action                   |  1- 3 |  4- 6 || total
-------------------------+-------+-------++-------
Melee: Whip              |    53 |    93 ||   146
       Bite              |    21 |    25 ||    46
 Cast: Freeze            |    16 |     2 ||    18
  Use: Potion            |       |     3 ||     3
       Scroll            |       |    11 ||    11
 Stab: Sleeping          |     8 |     5 ||    13
Armor: Robe              |    13 |    34 ||    47
Dodge: Dodged            |    38 |    54 ||    92

Table legend: (Time is in decaauts)
 A = Elapsed time spent in this place.
 B = Non-inter-level travel time spent in this place.
 C = Inter-level travel time spent in this place.
 D = Time resting spent in this place.
 E = Time spent auto-exploring this place.
 F = Levels seen in this place.
 G = Mean time per level.
                   A        B        C        D        E       F      G
               +--------+--------+--------+--------+--------+-----+--------+
         Total |   3470 |   3322 |    148 |    919 |   1656 |   4 |  867.5 |
       Dungeon |   3470 |   3322 |    148 |    919 |   1656 |   4 |  867.5 |
               +--------+--------+--------+--------+--------+-----+--------+

Top non-repeatable levels by time:
     D:1: 1303 daAuts
     D:3: 1244 daAuts
     D:2: 859 daAuts
     D:4: 62 daAuts
